AoeStats
← [PSCH] R!ce

Lombardia

507551579Analyzed
3v3 RM · 13d ago on Sep 18, 2026· 55m 58s· 6 players
Game mode
Random Map
Map size
Normal (6 player)
Population
200
Speed
Normal
Resources
Standard
Victory
Conquest
Starting age
Dark Age
Ending age
Imperial Age
RankedLock teamsTeams togetherTeam positionsShared explorationLock speedFull tech treeHidden civsTurbo modeCheats
Victory
Defeat
🇨🇭 Spanish · Switzerland
1488
+15
🇨🇭 Magyars · Switzerland
1484
+16
🇨🇭 Tupi · Switzerland
1473
+16
🇬🇧 Aztecs · United Kingdom
1520
-17
🇬🇧 Malay · United Kingdom
1519
-18
🇬🇧 Franks · United Kingdom
1381
-12
JustRightCereal
6:04 Loom
9:20 Feudal Age
10:37 Man-at-Arms
11:07 Double-Bit Axe
15:18 Fletching
19:05 Castle Age
18:40 Scale Mail Armor
20:10 Bow Saw
20:25 Gold Mining
21:44 Horse Collar
26:26 Chain Mail Armor
26:28 Forging
26:06 Eagle Warrior
26:47 Squires
28:25 Arson
32:07 Wheelbarrow
31:18 Town Watch
40:23 Imperial Age
38:42 Gold Shaft Mining
37:57 Stone Mining
38:10 Heavy Plow
39:36 Iron Casting
40:38 Elite Eagle Warrior
41:49 Plate Mail Armor
44:14 Garland Wars
46:07 Fortified Wall
46:58 Chemistry
45:53 Elite Skirmisher
46:30 Bodkin Arrow
46:36 Padded Archer Armor
49:57 Bracer
50:24 Ballistics
Clink
8:55 Feudal Age
10:35 Double-Bit Axe
13:48 Horse Collar
14:23 Loom
21:02 Castle Age
19:10 Fletching
20:00 Crossbowman
20:39 Bodkin Arrow
22:07 Bow Saw
23:15 Wheelbarrow
24:40 Ballistics
25:11 Padded Archer Armor
27:15 Heavy Plow
36:13 Imperial Age
33:31 Town Watch
34:42 Gold Mining
35:41 Bracer
36:33 Conscription
36:17 Arbalester
38:05 Leather Archer Armor
39:02 Chemistry
43:07 Thumb Ring
44:21 Ring Archer Armor
45:45 Caravan
MOPPA BA (Hons)
9:13 Feudal Age
9:47 Loom
10:13 Double-Bit Axe
18:51 Wheelbarrow
21:03 Castle Age
18:58 Gold Mining
20:33 Forging
20:28 Scale Barding Armor
22:35 Chain Barding Armor
22:38 Bow Saw
25:36 Husbandry
30:16 Iron Casting
31:03 Gold Shaft Mining
32:18 Fletching
33:44 Stone Mining
37:19 Hand Cart
38:04 Masonry
40:32 Imperial Age
41:48 Architecture
42:33 Blast Furnace
42:11 Plate Barding Armor
40:58 Cavalier
44:00 Conscription
52:25 Blast Furnace
50:47 Light Cavalry
[PSCH] Reh
8:01 Loom
10:05 Feudal Age
16:21 Castle Age
16:04 Fletching
16:04 Double-Bit Axe
21:26 Horse Collar
23:01 Heavy Plow
23:14 Bow Saw
25:16 Gold Mining
25:33 Stone Mining
27:32 Wheelbarrow
28:38 Padded Archer Armor
30:35 Bodkin Arrow
31:06 Leather Archer Armor
31:27 Heavy Plow
32:06 Gold Shaft Mining
36:23 Imperial Age
33:39 Town Watch
34:50 Pikeman
35:51 Scale Mail Armor
36:01 Forging
36:30 Caravan
36:41 Squires
36:32 Capped Ram
38:29 Two-Man Saw
39:07 Chain Mail Armor
42:05 Plate Mail Armor
44:24 Iron Casting
44:55 Siege Ram
45:40 Arson
46:15 Elite Ibirapema Warrior
48:08 Treadmill Crane
48:23 Murder Holes
48:26 Heated Shot
49:50 Hand Cart
[PSCH] R!ce
10:58 Feudal Age
15:08 Castle Age
13:14 Double-Bit Axe
15:17 Loom
19:38 Bow Saw
19:38 Padded Archer Armor
21:31 Bloodlines
27:06 Leather Archer Armor
30:14 Horse Collar
32:46 Devotion
36:41 Imperial Age
35:57 Wheelbarrow
35:20 Town Watch
36:01 Fletching
36:47 Elite Conquistador
38:59 Ring Archer Armor
43:06 Supremacy
45:07 Chemistry
44:19 Masonry
45:19 Bodkin Arrow
46:31 Ballistics
48:32 Bracer
49:23 Husbandry
49:28 Onager
50:39 Caravan
50:20 Light Cavalry
51:06 Scale Barding Armor
51:11 Forging
52:44 Hussar
54:37 Chain Barding Armor
54:52 Iron Casting
56:13 Plate Barding Armor
[PSCH] wolverito
11:41 Feudal Age
16:26 Castle Age
14:40 Double-Bit Axe
15:14 Scale Barding Armor
16:43 Bloodlines
19:41 Loom
20:14 Husbandry
21:47 Chain Barding Armor
27:27 Wheelbarrow
26:50 Gold Mining
33:23 Hand Cart
33:58 Hand Cart
33:36 Town Watch
40:14 Imperial Age
40:16 Cavalier
41:40 Plate Barding Armor
44:05 Paladin
45:20 Conscription
48:51 Corvinian Army
49:12 Conscription
49:34 Caravan
51:09 Elite Magyar Huszar
Connection lost

Rejoining the realm…

Still unreachable

The connection could not be restored.

Session expired

The server has moved on; the page needs a fresh start.